 Dungeon Crawl Stone Soup version 0.25-a0-972-g74ed164fb1 (webtiles) character file.

Game seed: 6950831640426864797, levelgen mode: deterministic

171 Harbin the Digger (level 5, -6/30 HPs)
             Began as a Gargoyle Earth Elementalist on May 9, 2020.
             Was an Initiate of Okawaru.
             Mangled by an iguana (12 damage)
             ... on level 4 of the Dungeon.
             The game lasted 00:38:03 (2988 turns).

Harbin the Digger (Gargoyle Earth Elementalist)     Turns: 2988, Time: 00:38:03

Health: -6/30      AC:  7    Str: 11    XL:     5   Next: 51%
Magic:  1/9        EV: 12    Int: 17    God:    Okawaru [......]
Gold:   119        SH:  5    Dex: 10    Spells: 5/9 levels left

rFire    . . .     SeeInvis +   p - +0 mace
rCold    . . .     Gourm    .   j - +2 buckler
rNeg     + . .     Faith    .   c - +1 robe
rPois    ∞         Spirit   .   (no helmet)
rElec    +         Reflect  .   (no cloak)
rCorr    .         Harm     .   (no gloves)
MR       .....                  (no boots)
Stlth    ++........             (no amulet)
HPRegen  0.10/turn              k - ring of see invisible
MPRegen  0.11/turn              (no ring)

@: starving, hasted, very quick
A: negative energy resistance 1, electricity resistance, unbreathing,
petrification resistance, rot immunity, AC +4
a: Renounce Religion


You were on level 4 of the Dungeon.
You worshipped Okawaru.
Okawaru was noncommittal.
You were starving.

You visited 1 branch of the dungeon, and saw 4 of its levels.

You collected 119 gold pieces.

Inventory:

Hand Weapons
 f - a +0 dagger
 p - a +0 mace (weapon)
 q - a +0 flail
Missiles
 b - 31 stones (quivered)
Armour
 a - a +0 ring mail
 c - a +1 robe (worn)
 e - a +0 ring mail
 g - a +0 leather armour
 h - a +0 robe
 j - a +2 buckler (worn)
Jewellery
 k - a ring of see invisible (left hand)
Scrolls
 l - a scroll of teleportation
 o - 5 scrolls of identify
 s - a scroll of fog
Potions
 i - a potion of haste
 m - a potion of invisibility {unknown}
 n - a potion of degeneration {unknown}
 r - a potion of brilliance {unknown}
Comestibles
 d - 11 rations


   Skills:
 + Level 1.8 Fighting
 + Level 0.3 Maces & Flails
 + Level 2.0 Armour
 + Level 2.4 Dodging
 - Level 2.1 Stealth
 + Level 1.0 Shields
 - Level 0.6 Unarmed Combat
 + Level 2.8 Spellcasting
 + Level 1.0 Conjurations
   Level 0.7 Transmutations
 + Level 4.2 Earth Magic


You had 5 spell levels left.
You knew the following spells:

 Your Spells              Type           Power        Failure   Level  Hunger
a - Sandblast             Erth           ###...       4%          1    #......
b - Stone Arrow           Conj/Erth      ##....       26%         3    ###....

Your spell library contained the following spells:

 Spells                   Type           Power        Failure   Level  Hunger
 Passwall                 Tmut/Erth      ##......     14%         2    ##.....
 Animate Skeleton         Necr           N/A          26%         1    #......
 Pain                     Necr           #...         26%         1    #......
 Vampiric Draining        Necr           #.........   61%         3    ###....
 Petrify                  Tmut/Erth      ##......     67%         4    #####..
 Lee's Rapid Deconstruct  Erth           ###.......   77%         5    ######.
 Animate Dead             Necr           N/A          95%         4    #####..
 Agony                    Necr           #.......     100%        5    ######.


Dungeon Overview and Level Annotations

Branches:
Dungeon (4/15)
 Temple: D:4-7

Altars:
Fedhas
Okawaru
Ru
Yredelemnul


Innate Abilities, Weirdness & Mutations

You are resistant to torment.
Your stone body is resilient. (AC +4)
You are immune to poison.
You resist negative energy. (rN+)
You are resistant to electric shocks. (rElec)
You can survive without breathing.
You are immune to petrification.
You are immune to rotting.


Message History

Confirm with . or Enter, or press ? or * to list all spells.
The spell is quite dangerous to cast (26% risk of failure)!
Continue anyway?
Aiming: Stone Arrow (quite dangerous; 26% risk of failure)
Press: ? - help, Shift-Dir - straight line, f/p - iguana
Aim: an iguana The stone arrow misses the iguana.
You are starving!
The iguana closely misses you.
Okay, then.
Okay, then.
You barely miss the iguana. You block the iguana's attack.
The iguana bites you.
You barely miss the iguana. The iguana closely misses you.
You hit the iguana.
The iguana is moderately wounded.
The iguana bites you!
* * * LOW HITPOINT WARNING * * *
The iguana misses you.
It was a potion of haste.
You feel yourself speed up. The iguana bites you!
You die...

#...<# ..#
##.#####.#
###.....#.#
#.......#.#
#.#######.# ##...
#.# #.# 8$... #.#
#.# #.....
#.#######.##.....#
#.....@l.##.....#
########Z# ....8#
#.##.?.####
#Z.........
##########.


You could see an iguana and a hound zombie.

Vanquished Creatures
  An orc wizard (D:2)
  4 adders
  An ooze (D:2)
  A worm (D:2)
  3 dart slugs
  A leopard gecko (D:2)
  An orc (D:3)
  13 bats
  6 giant cockroaches
  14 goblins
  9 hobgoblins
  9 jackals
  5 kobolds
  4 quokkas
  5 frilled lizards
  6 rats
83 creatures vanquished.

Notes
Turn   | Place    | Note
-------+----------+-------------------------------------------
     0 | D:1      | Harbin the Gargoyle Earth Elementalist began the quest for
                  | the Orb.
     0 | D:1      | Reached XP level 1. HP: 10/10 MP: 3/3
     0 | D:1      | Noticed a troll
     0 | D:1      | Noticed a ghoul
     1 | D:1      | Noticed an elf
     3 | D:1      | Noticed a vine stalker
     3 | D:1      | Noticed an ogre
     4 | D:1      | Noticed a minotaur
     9 | D:1      | Noticed a troll
    11 | D:1      | Noticed a human
    11 | D:1      | Noticed an ogre
    13 | D:1      | Noticed an elf
    16 | D:1      | Noticed a troll
    18 | D:1      | Noticed a centaur
    20 | D:1      | Noticed an ogre
    23 | D:1      | Noticed a centaur
   130 | D:1      | Reached XP level 2. HP: 16/16 MP: 0/5
   545 | D:1      | Reached skill level 1 in Armour
   658 | D:1      | Reached XP level 3. HP: 20/20 MP: 3/6
  1054 | D:2      | Found a sacrificial altar of Ru.
  1063 | D:2      | Reached skill level 1 in Fighting
  1063 | D:2      | Reached skill level 4 in Earth Magic
  1063 | D:2      | Reached XP level 4. HP: 25/25 MP: 1/7
  1081 | D:2      | Became a worshipper of Ru the Awakened
  1185 | D:2      | Found a basalt altar of Yredelemnul.
  1212 | D:2      | Learned a level 3 spell: Stone Arrow
  1330 | D:2      | Found an iron altar of Okawaru.
  1380 | D:2      | Fell from the grace of Ru
  1380 | D:2      | Became a worshipper of Warmaster Okawaru
  1865 | D:2      | Found a blossoming altar of Fedhas.
  2243 | D:3      | Reached XP level 5. HP: 29/29 MP: 1/9
  2716 | D:3      | Reached skill level 1 in Shields
  2716 | D:3      | Reached skill level 1 in Conjurations
  2988 | D:4      | Mangled by an iguana

Illustrated notes

Levels and vault maps discovered:
D:1:      shiori_arrival_whats_in_store_for_you, layout_rooms,
          serial_bayou_crossing
D:2:      layout_loops_ring, nicolae_ru_great_annihilating_truth,
          lemuel_crystal_altar, lemuel_crystal_altar, okawaru_trees_1
D:3:      layout_rooms
D:4:      layout_basic, tso_metal_star, minmay_temple_entry_mist,
          serial_corexii_hall, chequers_hall_statues_y, corexii_hall_statues_x,
          first_ration, serial_shops,
          nicolae_shop_temple_entry_statues_fountains,
          kennysheep_opposing_triangles, uniq_edmund

Skill      XL: |  1  2  3  4  5 |
---------------+----------------+-----
Armour         | 1 2 |  2.0
Fighting       | 1 |  1.8
Dodging        | 2 |  2.4
Earth Magic    | 4 |  4.2
Shields        | 1 |  1.0
Conjurations   | 1 |  1.0
Maces & Flails | |  0.3
Stealth        | |  2.1
Unarmed Combat | |  0.6
Spellcasting   | |  2.8
Transmutations | |  0.7

Action                   |  1- 3 |  4- 6 || total
-------------------------+-------+-------++-------
Melee: Unarmed           |    58 |     4 ||    62
       Dagger            |       |    55 ||    55
       Mace              |       |    57 ||    57
 Cast: Sandblast         |    32 |    31 ||    63
       Stone Arrow       |       |    20 ||    20
  Use: Scroll            |     3 |     5 ||     8
       Potion            |       |     1 ||     1
 Stab: Sleeping          |       |     2 ||     2
  Eat: Chunk             |     1 |     7 ||     8
Armor: Robe              |    23 |    47 ||    70
       Ring mail         |    11 |       ||    11
       Leather armour    |     1 |     2 ||     3
       Skin              |       |    10 ||    10
Dodge: Dodged            |    61 |   109 ||   170
Block: Buckler           |       |    51 ||    51

Table legend:
 A = Non-vault XP
 B = Vault XP
 C = Vault XP percentage of total XP
 D = Non-vault monster count
 E = Vault monster count
 F = Vault count percentage of total count
                 A         B        C        D         E       F
            +---------+---------+-------+---------+---------+-------
      Total |     200 |      45 |  18.4 |      79 |       4 |   4.8
            +---------+---------+-------+---------+---------+-------
        D:1 |      42 |       0 |   0.0 |      23 |       0 |   0.0
        D:2 |      67 |      45 |  40.2 |      27 |       4 |  12.9
        D:3 |      91 |       0 |   0.0 |      29 |       0 |   0.0
            +---------+---------+-------+---------+---------+-------
